 Dungeon Crawl Stone Soup version 0.29.0-15-g675c0067aa (webtiles) character file.

Game seed: 6900063102852757654

7 qw the Sneak (level 2, 0/19 HPs)
             Began as a Gargoyle Delver on Sept 11, 2022.
             Slain by Ijyb
             ... wielding a +6 club
              (2 damage)
             ... on level 3 of the Dungeon.
             The game lasted 00:00:06 (140 turns).

qw the Sneak (Gargoyle Delver)                       Turns: 140, Time: 00:00:06

Health: 0/19       AC:  5    Str: 15    XL:     2   Next: 4%
Magic:  2/2        EV: 11    Int: 10    God:
Gold:   0          SH:  0    Dex: 11    Spells: 1/1 levels left

rFire   . . .      SeeInvis .   a - +0 hand axe
rCold   . . .      Faith    .   (no shield)
rNeg    + . .      Spirit   .   b - +0 leather armour
rPois   inf        Reflect  .   (no helmet)
rElec   +          Harm     .   (no cloak)
rCorr   .          Rampage  .   (no gloves)
Will    .....                   (no boots)
Stlth   +++.......              (no amulet)
HPRegen 0.06/turn               (no ring)
MPRegen 0.08/turn               (no ring)

@: no status effects
A: sickness immunity, AC +2, negative energy resistance 1, electricity
resistance, torment resistance 1, petrification resistance
a: no special abilities


You were on level 3 of the Dungeon.
You visited 1 branch of the dungeon, and saw 3 of its levels.


Innate Abilities, Weirdness & Mutations

You are immune to sickness and miasma.
Your stone body is resilient. (AC +2)
You are immune to poison.
You resist negative energy. (rN+)
You are resistant to electric shocks. (rElec)
You are resistant to unholy torment.
You are immune to petrification.


   Skills:
 - Level 3.2 Fighting
 + Level 2.4 Axes
 - Level 1.5 Dodging
 - Level 5.4 Stealth


You had one spell level left.
You didn't know any spells.
Your spell library was empty.

Inventory:

Hand Weapons
 a - a +0 hand axe (weapon)
Armour
 b - a +0 leather armour (worn)
Wands
 g - a wand of digging (3)
Potions
 f - a potion of haste

Dungeon Overview and Level Annotations

Branches:
Dungeon (5/15)
 Temple: D:4-7

Altars:

Annotations:
D:3 Ijyb


Message History

A jackal comes into view.
The jackal barks!
You hit the jackal.
The jackal is lightly wounded.
The jackal bites you but does no damage.
Ijyb the Twisted Goblin comes into view.
She is wielding a +6 club and carrying a wand of roots (12).
You closely miss the jackal.
The jackal is lightly wounded.
The jackal bites you.
The jackal bites you but does no damage.
You miss the jackal.
The jackal is lightly wounded.
The jackal barely misses you. x2
You closely miss the jackal.
The jackal is lightly wounded.
The jackal bites you but does no damage.
Ijyb shouts!
You hit the jackal.
The jackal is moderately wounded.
The jackal bites you but does no damage. x2
You closely miss the jackal.
The jackal is moderately wounded.
The jackal bites you but does no damage.
The jackal bites you.
You hit the jackal but do no damage.
The jackal is moderately wounded.
The jackal barely misses you.
You miss the jackal.
The jackal is moderately wounded.
The jackal bites you but does no damage.
The jackal closely misses you.
You hit the jackal.
The jackal is severely wounded.
The jackal bites you but does no damage.
You barely miss the jackal.
The jackal is severely wounded.
You hit Ijyb but do no damage.
The jackal bites you but does no damage.
Ijyb hits you with a +6 club.
You die...

#......
#......
#.....
#....#
#....#
#....#
#..>%#
#..gh#
#...@+
#....#
#....#
#....#
#.....
#...$^
#....#
#....#


You could see Ijyb and a jackal.

Vanquished Creatures
  An endoplasm (D:3)
  A hobgoblin (D:3)
  3 jackals (D:3)
  A kobold (D:4)
6 creatures vanquished.

Notes
Turn   | Place    | Note
-------+----------+-------------------------------------------
     0 | D:5      | qw the Gargoyle Delver began the quest for the Orb.
     0 | D:5      | Reached XP level 1. HP: 14/14 MP: 1/1
     0 | D:5      | 0 ||| qw: Version: 0.1-a-118-gb4e7ce6
     0 | D:5      | 0 ||| qw: Game counter: 10297
     0 | D:5      | 0 ||| qw: Always use a shield: true
     0 | D:5      | 0 ||| qw: God list: Okawaru
     0 | D:5      | 0 ||| qw: Allow faded altars: false
     0 | D:5      | 0 ||| qw: Do Orc after D:15 true
     0 | D:5      | 0 ||| qw: Do second Lair branch before Depths: true
     0 | D:5      | 0 ||| qw: Lair rune preference: random
     0 | D:5      | 0 ||| qw: Plans: Normal
     0 | D:5      | 0 ||| PLANNING D:1-11
     0 | D:5      | 0 ||| DROPPING scroll of fog.
     1 | D:5      | 1 ||| DROPPING scroll of magic mapping.
     2 | D:5      | 2 ||| DROPPING scroll of fear.
    12 | D:4      | 12 ||| Stepping ~*~*~tactically~*~*~ (hiding).
    89 | D:4      | 89 ||| FLEEEEING.
    90 | D:4      | 90 ||| Stepping ~*~*~tactically~*~*~ (hiding).
    93 | D:4      | 93 ||| STAIRDANCE
    98 | D:3      | 98 ||| Stepping ~*~*~tactically~*~*~ (stealth).
   114 | D:3      | HP: 3/14 [jackal (2)]
   123 | D:3      | Reached XP level 2. HP: 5/19 MP: 2/2
   131 | D:3      | Noticed Ijyb
   136 | D:3      | HP: 2/19 [jackal (3)]
   140 | D:3      | Slain by Ijyb

Levels and vault maps discovered:
D:3:      layout_basic, serial_shops, nicolae_shop_waterfront, uniq_ijyb
D:4:      layout_basic
D:5:      layout_rooms, mainiacjoe_overflow_alcove_2, serial_shops,
          nicolae_shop_crystal, nicolae_stop_n_shop_1, sigmund_army,
          uniq_grinder, uniq_edmund

Skill      XL: |  1 |
---------------+----+-----
Axes           | 2 |  2.4
Fighting       | |  3.2
Dodging        | |  1.5
Stealth        | |  5.4

Action                   || total
-------------------------++-------
Melee: Hand axe          ||    29
 Stab: Distracted        ||     1
Armor: Leather armour    ||    13
Dodge: Dodged            ||    14

Table legend:
 A = Non-vault XP
 B = Vault XP
 C = Vault XP percentage of total XP
 D = Non-vault monster count
 E = Vault monster count
 F = Vault count percentage of total count
                 A         B        C        D         E       F
            +---------+---------+-------+---------+---------+-------
      Total |      11 |       0 |   0.0 |       6 |       0 |   0.0
            +---------+---------+-------+---------+---------+-------
        D:3 |      10 |       0 |   0.0 |       5 |       0 |   0.0
        D:4 |       1 |       0 |   0.0 |       1 |       0 |   0.0
            +---------+---------+-------+---------+---------+-------
